 Dungeon Crawl Stone Soup version 0.31-a0-700-gf13585253f (webtiles) character file.

Game seed: 14876068645193626410

123313 qw the Warrior (level 16, -3/114 HPs)
             Began as a Gargoyle Hunter on Sept 7, 2023.
             Was an Elder of Okawaru.
             Slain by a kraken (34 damage)
             ... on level 2 of the Shoals.
             The game lasted 00:12:14 (25527 turns).

qw the Warrior (Gargoyle Hunter)                   Turns: 25527, Time: 00:12:14

Health: -3/114     AC: 31    Str: 16      XL:     16   Next: 90%
Magic:  23/23      EV: 27    Int: 15 (17) God:    Okawaru [****..]
Gold:   1281       SH:  0    Dex: 27      Spells: 15/15 levels left

rFire   + + .        B - +0 triple crossbow
rCold   + . .        (shield currently unavailable)
rNeg    + + .        v - +2 ring mail {rF+}
rPois   inf          w - -2 hat of the Alchemist {rElec rPois rF+ rC+ rN+ Will+ rMut rCorr}
rElec   +            q - +2 cloak
rCorr   +            l - +2 pair of gloves
SInv    .            m - +2 pair of boots
Will    ++++.        z - amulet of faith
Stlth   ++++         x - ring "Wiptoysy" {Will++ Int+6 Dex+2}
HPRegen 0.39/turn    e - +6 ring of dexterity
MPRegen 0.18/turn

%: resist mutation, faith
@: heroic, flying
A: sickness immunity, AC +12, big wings, negative energy resistance 1,
electricity resistance, torment resistance 1, petrification resistance, hooves
1, horns 1, deterioration 1, sturdy frame 1
a: Renounce Religion, Heroism, Finesse


You were on level 2 of the Shoals.
You worshipped Okawaru.
Okawaru was greatly pleased with you.
You visited 5 branches of the dungeon, and saw 25 of its levels.
You also visited: Ossuary.

You collected 2669 gold pieces.
You spent 1388 gold pieces at shops.


Innate Abilities, Weirdness & Mutations

You are immune to sickness and miasma.
Your stone body is resilient. (AC +12)
You are immune to poison.
Your large and strong wings let you fly.
You resist negative energy. (rN+)
You are resistant to electric shocks. (rElec)
You are resistant to unholy torment.
You are immune to petrification.
You have large cloven feet.
You have a pair of small horns on your head.
Your body sometimes deteriorates upon taking damage.
Your movements are slightly less encumbered by armour. (ER -2)


   Skills:
 - Level 18.0(23.0) Fighting
 + Level 17.2(22.2) Ranged Weapons
 - Level 11.0(16.0) Armour
 - Level 11.6(16.6) Dodging
 - Level 1.1(6.1) Stealth
 - Level 10.0 Invocations


You had 15 spell levels left.
You didn't know any spells.
Your spell library was empty.

Inventory:

Hand Weapons
 B - a +0 triple crossbow (weapon)
Armour
 l - a +2 pair of gloves (worn)
 m - a +2 pair of boots (worn)
 p - a +0 troll leather armour
 q - a +2 cloak (worn)
 u - the +4 ring mail of Ru's Anger {*Slow Will++ rCorr Str-3}
   (You bought it in a shop on level 2 of the Orcish Mines)

   Str-3:     It affects your strength (-3).
   Will++:    It greatly increases your willpower.
   rCorr:     It protects you from acid and corrosion.
   *Slow:     It may slow you when you take damage.
 v - a +2 ring mail of fire resistance (worn)
 w - the -2 hat of the Alchemist (worn) {rElec rPois rF+ rC+ rN+ Will+ rMut rCorr}
   (You found it on level 5 of the Lair of Beasts)

   rF+:       It protects you from fire.
   rC+:       It protects you from cold.
   rElec:     It insulates you from electricity.
   rPois:     It protects you from poison rN+: It protects you from negative
   energy.
   Will+:     It increases your willpower.
   rCorr:     It protects you from acid and corrosion.
   rMut:      It protects you from mutation.
 y - the -1 hat "Pin Yxal" {rF+}
   (Okawaru gifted it to you on level 14 of the Dungeon)

   rF+:       It protects you from fire.
Jewellery
 e - a +6 ring of dexterity (right hand)
 j - an amulet of reflection
 r - a ring of protection from fire
 t - a +5 ring of evasion
 x - the ring "Wiptoysy" (left hand) {Will++ Int+6 Dex+2}
   (You found it on level 5 of the Lair of Beasts)

   [ring of intelligence]

   Int+6:     It affects your intelligence (+6).
   Dex+2:     It affects your dexterity (+2).
   Will++:    It greatly increases your willpower.
 z - an amulet of faith (around neck)
Wands
 a - a wand of digging (2)
Scrolls
 g - 13 scrolls of identify
 n - 9 scrolls of teleportation
Potions
 b - 6 potions of enlightenment
 c - 4 potions of might
 d - a potion of magic {unknown}
 f - 3 potions of mutation
 h - 2 potions of cancellation
 i - 5 potions of curing
 k - 6 potions of heal wounds
 o - 2 potions of haste
 s - a potion of resistance

Dungeon Overview and Level Annotations

Branches:
Dungeon (15/15)            Temple (1/1) D:7            Lair (5/5) D:8
 Shoals (2/4) Lair:2       Spider (0/4) Lair:3        Slime (0/5) Lair:5
    Orc (2/2) D:12            Elf (0/3) Orc:2        Vaults (0/5) D:13
 Depths (0/4) D:15        Ossuary (visited)

Altars:
Ashenzari
Cheibriados
Dithmenos
Elyvilon
Fedhas
Gozag
Hepliaklqana
Kikubaaqudgha
Makhleb
Nemelex Xobeh
Okawaru
Qazlal
Ru
Sif Muna
Trog
Uskayaw
Vehumet
Wu Jian
Xom
Yredelemnul
Zin
The Shining One
Jiyva
Lugonu

Shops:
D:1 :   D:4 [   D:6 *   D:9 *   D:10 *   D:11 *   Orc:2 *[:*   Shoals:1 (

Portals:
Abyss: Lair:5
Trove: D:12 (give 11 potions of heal wounds)

Annotations:
D:7 1 runed translucent door, Crazy Yiuf
D:11 2 runed translucent doors
D:13 3 runed translucent doors, Yqoodd's ghost, journeyman GnWr


Message History

The tentacle slaps you but does no damage. x2
You shoot a bolt. The bolt hits the kraken!!
The kraken is moderately wounded.
The tentacle slaps you! The tentacle slaps you.
The tentacle completely misses you. The kraken closely misses you.
The tentacle closely misses you. The tentacle completely misses you.
The tentacle barely misses you. The kraken bites you!!
The cyclops throws a large rock.
The large rock barely misses you.
The large rock hits the kraken!
The tentacle completely misses you.
The tentacle slaps you but does no damage.
You shoot a bolt.
The bolt hits the kraken but does no damage.
The kraken is heavily wounded.
The tentacle completely misses you.
A tentacle rises from the water!
The tentacle completely misses you. The tentacle barely misses you.
The tentacle slaps you but does no damage.
The kraken bites you! The tentacle barely misses you.
The tentacle misses you. x2
A tentacle comes into view.
You shoot a bolt. The bolt hits the kraken!!!
The kraken is severely wounded.
You hear a shout!
The kraken misses you. The tentacle misses you.
The tentacle completely misses you.
The tentacle slaps you but does no damage.
The kraken barely misses you. The tentacle barely misses you.
The tentacle completely misses you. The tentacle misses you.
The tentacle completely misses you.
You shoot a bolt. The bolt hits the kraken.
The kraken is severely wounded.
The tentacle slaps you but does no damage.
The tentacle barely misses you.
A tentacle segment bursts forth from the water.
The tentacle slaps you but does no damage.
A tentacle segment bursts forth from the water.
The kraken bites you! The tentacle completely misses you.
A merfolk avatar comes into view.
The tentacle completely misses you.
The tentacle slaps you but does no damage.
The kraken bites you!!
You die...

~~~~~~~~~~~~~~~~~~~~~~
~~~~~~~~~~~~~~~~~~~~~~~~
~~~~~~~~~~~~~~~~~~~~~~~~~
~~~~~~~~~~~~~~~~~~~~~~~~~~
~~~~~~~~~~~~~~~~~~~~~~~~~~
~~~~~~~~~~~~~~~~.~~~~~~~~~
~~~~~~~~~~~~~~~.....~~~~~~
~~~~~~~~Xww~~~~.....~~~~~.
~~~~~~~~w@~~~~~.....~~~~..
~~~~~~~~w~~~~~~..~..~~~...
~~~~~~~~~~~~~C~..~.~~~....
~~~~~~~~~~~~~~..!~#~~ ..P.
~~~m~~~~~~~~~~~....# .#P.P
..~~~~~~~~~~.....~. ..P#P
.[.~~~~~~~~......##.....P.
.~.~~~~~~~~......~...~~..P
..~~~~~~~~~~~...~~#..~P.##


You could see a kraken, a merfolk avatar, a cyclops and 4 tentacles.

Vanquished Creatures
  Rupert (D:15)
  Donald (Shoals:1)
  Aizul (Shoals:1)
  A stone giant (Shoals:2)
  Snorg (Lair:3)
  An ettin (Orc:1)
  A merfolk impaler (Shoals:1)
  2 fire dragons (D:15)
  6 hydras
  A rakshasa (D:14)
  5 centaur warriors
  9 vault guards
  2 merfolk avatars (Shoals:1)
  3 two-headed ogres
  7 boulder beetles
  A catoblepas (D:13)
  A boulder beetle (shapeshifter) (D:14)
  A merfolk aquamancer (Shoals:2)
  3 tengu warriors
  8 orc high priests (Orc:2)
  4 thrashing horrors (Lair:5)
  4 skysharks
  12 skeletal warriors
  A pharaoh ant (Lair:3)
  Amaemon (Lair:3)
  2 sea snakes (Shoals:2)
  A deep elf pyromancer (D:12)
  A wolf spider zombie (D:14)
  A lindwurm (Lair:5)
  6 manticores
  7 fauns (Shoals:2)
  An orc knight (Orc:1)
  13 cyclopes
  5 oklob plants
  10 ugly things
  5 centaur zombies (D:14)
  12 elephants
  5 black mambas
  6 merfolk sirens
  Joseph (D:9)
  An orange demon (Lair:3)
  An unseen horror (D:11)
  A smoke demon (Lair:5)
  13 cane toads
  2 gargoyles (D:11)
  3 freezing wraiths
  9 komodo dragons
  A rime drake (Lair:3)
  A tengu conjurer (D:13)
  3 meliai (D:15)
  6 trolls
  A queen bee (shapeshifter) (Lair:5)
  A queen bee (Lair:1)
  3 polar bears
  6 wind drakes
  12 merfolk
  A wolf spider simulacrum (D:13)
  A tarantella (Lair:3)
  16 blink frogs
  3 large abominations (Lair:5)
  A raiju (Lair:5)
  3 meliai zombies (D:14)
  3 snapping turtles (Shoals:1)
  2 jumping spiders (Lair:3)
  6 slime creatures (D:15)
  6 water elementals
  A vampire (D:11)
  A shadow (D:14)
  2 wraiths
  2 ynoxinuls (Lair:5)
  45 yaks
  14 basilisks
  7 wyverns
  10 small abominations (Lair:5)
  A chaos spawn (Lair:5)
  9 wargs
  3 steam dragons
  5 vampire mosquitoes
  Menkaure (D:7)
  A redback (Lair:3)
  3 acid dragons
  A naga (shapeshifter) (Lair:5)
  25 water moccasins
  14 orc warriors
  A hornet zombie (D:14)
  A floating eye (shapeshifter) (Lair:5)
  2 ice beasts
  A sky beast (D:7)
  3 black bears
  6 ogres
  15 wolves
  12 centaurs
  2 kobold brigands
  A phantom (D:5)
  13 bullfrogs
  4 water moccasin zombies (Ossuary)
  4 scorpions
  7 wights
  18 killer bees
  3 electric eels (Lair:5)
  5 howler monkeys
  2 hounds
  A gnoll bouda (D:7)
  35 orc priests
  A sleepcap (D:6)
  A jelly (D:5)
  3 iguanas
  23 orc wizards
  2 mummies (Ossuary)
  Robin (D:4)
  3 adders
  11 gnolls
  A shadow imp (D:7)
  A white imp (D:6)
  5 ufetubi
  4 adder zombies (Ossuary)
  A worm (D:2)
  3 dart slugs
  83 orcs
  6 ball pythons
  4 bats
  6 endoplasms
  2 giant cockroaches
  10 hobgoblins
  8 jackals
  10 kobolds
  2 quokkas
  4 frilled lizards
  8 gnoll zombies (Ossuary)
  14 goblins
  4 hobgoblin zombies (Ossuary)
  3 kobold zombies (Ossuary)
  5 orc zombies (Ossuary)
  5 rats
775 creatures vanquished.

Vanquished Creatures (others)
  A large abomination (Lair:5)
  A shadow (D:14)
  A tentacle (Shoals:2)
3 creatures vanquished.

Grand Total: 778 creatures vanquished

Notes
Turn   | Place    | Note
-------+----------+-------------------------------------------
     0 | D:1      | qw the Gargoyle Hunter began the quest for the Orb.
     0 | D:1      | Reached XP level 1. HP: 12/12 MP: 1/1
     0 | D:1      | 0 ||| qw: Version: 0.3-a-76-g4403597
     0 | D:1      | 0 ||| qw: Game counter: 674
     0 | D:1      | 0 ||| qw: Melee chars always use a shield: true
     0 | D:1      | 0 ||| qw: God list: Okawaru
     0 | D:1      | 0 ||| qw: Allow faded altars: false
     0 | D:1      | 0 ||| qw: Do Orc after clearing Dungeon:15 true
     0 | D:1      | 0 ||| qw: Do second Lair branch before Depths: true
     0 | D:1      | 0 ||| qw: Lair rune preference: random
     0 | D:1      | 0 ||| qw: Goals: Normal
     0 | D:1      | 0 ||| PLANNING D:1-11
    73 | D:1      | Reached XP level 2. HP: 17/17 MP: 2/2
   151 | D:1      | Found Zykkeum's Book Emporium.
   155 | D:1      | 155 ||| RETREATING.
   281 | D:1      | Reached XP level 3. HP: 20/21 MP: 3/3
   508 | D:1      | 508 ||| UPGRADING to amulet of reflection.
   513 | D:1      | 513 ||| UPGRADING to ring of protection from fire.
   514 | D:1      | 514 ||| READING scroll labelled WYFRUF YFEDOIP.
   515 | D:1      | 515 ||| READING scroll labelled RISOSK MEIDAUSOU.
   519 | D:1      | 519 ||| READING scroll labelled KYXUZO GUIBA.
   520 | D:1      | 520 ||| DROPPING scroll of butterflies.
   748 | D:2      | Reached skill level 3 in Fighting
  1002 | D:2      | 1002 ||| UPGRADING to +0 pair of gloves.
  1007 | D:2      | 1007 ||| UPGRADING to +0 pair of boots.
  1012 | D:2      | 1012 ||| READING scroll labelled MAZXUDOTWE.
  1013 | D:2      | 1013 ||| READING 2 scrolls labelled YRI LEMILEUDD.
  1014 | D:2      | 1014 ||| READING scroll of enchant armour.
  1014 | D:2      | 1014 ||| ENCHANTING +0 pair of gloves.
  1015 | D:2      | 1015 ||| DRINKING 2 ruby potions.
  1043 | D:2      | 1043 ||| DROPPING potion of lignification.
  1065 | D:3      | Reached skill level 1 in Armour
  1065 | D:3      | Reached XP level 4. HP: 28/28 MP: 4/4
  1117 | D:3      | Identified the +6 rapier "Xom's Full Attention" {spect,
                  | *Slow rElec rN++ rCorr}
  1197 | D:3      | 1197 ||| READING scroll of enchant weapon.
  1197 | D:3      | 1197 ||| ENCHANTING +1 shortbow.
  1242 | D:3      | 1242 ||| Stepping ~*~*~tactically~*~*~ (outnumbered).
  1244 | D:3      | 1244 ||| Stepping ~*~*~tactically~*~*~ (outnumbered).
  1246 | D:3      | 1246 ||| Stepping ~*~*~tactically~*~*~ (outnumbered).
  1248 | D:3      | 1248 ||| Stepping ~*~*~tactically~*~*~ (outnumbered).
  1461 | D:3      | 1461 ||| DROPPING scarf of shadows.
  1462 | D:3      | 1462 ||| UPGRADING to +0 ring mail.
  1472 | D:3      | 1472 ||| DROPPING +0 leather armour.
  1473 | D:3      | 1473 ||| READING scroll labelled PEYSAY EHYE.
  1474 | D:3      | 1474 ||| DRINKING 2 silvery potions.
  1474 | D:3      | Gained mutation: Your movements are slightly less
                  | encumbered by armour. (ER -2) [potion of mutation]
  1474 | D:3      | Gained mutation: You have large cloven feet. [potion of
                  | mutation]
  1474 | D:3      | Gained mutation: Your body sometimes deteriorates upon
                  | taking damage. [potion of mutation]
  1474 | D:3      | Gained mutation: You have a pair of small horns on your
                  | head. [potion of mutation]
  1475 | D:3      | 1475 ||| READING 2 scrolls of identify.
  1475 | D:3      | 1475 ||| IDENTIFYING fizzy ruby potion
  1548 | D:4      | Found Adach's Armour Emporium.
  1654 | D:4      | Noticed Robin
  1666 | D:4      | Killed Robin
  1726 | D:4      | 1726 ||| FLEEEEING.
  1773 | D:4      | Reached XP level 5. HP: 32/32 MP: 5/5
  1789 | D:4      | HP: 3/32 [bullfrog (7)]
  1790 | D:4      | 1790 ||| READING scroll of teleportation.
  2032 | D:4      | Reached skill level 6 in Ranged Weapons
  2115 | D:4      | Found an opulent altar of Gozag.
  2116 | D:4      | Found a glowing silver altar of Zin.
  2498 | D:4      | 2498 ||| DROPPING ring of wizardry.
  2499 | D:4      | 2499 ||| READING scroll labelled GOEJIW ASEUMON.
  2500 | D:4      | 2500 ||| READING scroll labelled DUNUIDUENU.
  2501 | D:4      | 2501 ||| DRINKING 2 inky potions.
  2508 | D:4      | 2508 ||| DRINKING 3 smoky brown potions.
  2509 | D:4      | 2509 ||| DROPPING potion of ambrosia.
  2538 | D:5      | Entered Level 5 of the Dungeon
  2555 | D:5      | Reached XP level 6. HP: 38/38 MP: 6/6
  2579 | D:5      | Reached skill level 4 in Fighting
  2964 | D:5      | Reached XP level 7. HP: 29/44 MP: 7/7
  3197 | D:5      | 3197 ||| SWAPPING to +0 orcbow.
  3198 | D:5      | 3198 ||| DROPPING +2 shortbow of freezing.
  3199 | D:5      | 3199 ||| DRINKING 2 red potions.
  3200 | D:5      | 3200 ||| READING 4 scrolls of identify.
  3200 | D:5      | 3200 ||| IDENTIFYING puce potion
  3201 | D:5      | 3201 ||| READING 3 scrolls of identify.
  3201 | D:5      | 3201 ||| IDENTIFYING bubbling emerald potion
  3202 | D:5      | 3202 ||| DROPPING potion of degeneration.
  3203 | D:5      | 3203 ||| DROPPING potion of attraction.
  3226 | D:6      | 3226 ||| PLANNING OSSUARY
  3361 | D:6      | Reached skill level 5 in Fighting
  3379 | D:6      | Reached XP level 8. HP: 40/49 MP: 8/8
  3413 | D:6      | Noticed a yak
  3438 | D:6      | Killed a yak
  3487 | D:6      | Noticed a yak
  3490 | D:6      | Noticed a yak
  3500 | D:6      | Killed a yak
  3501 | D:6      | Reached skill level 9 in Ranged Weapons
  3512 | D:6      | Killed a yak
  3513 | D:6      | Reached skill level 6 in Fighting
  3643 | D:6      | Found a sand-covered staircase.
  3644 | D:6      | 3644 ||| UPGRADING to +6 ring of dexterity.
  3654 | Ossuary  | Entered an ossuary
  3867 | Ossuary  | 3867 ||| READING 4 scrolls of identify.
  3867 | Ossuary  | 3867 ||| IDENTIFYING bubbling orange potion
  3868 | Ossuary  | 3868 ||| READING 3 scrolls of identify.
  3868 | Ossuary  | 3868 ||| IDENTIFYING golden potion
  3877 | D:6      | 3877 ||| PLANNING D:1-11
  3977 | D:6      | Reached XP level 9. HP: 55/55 MP: 9/9
  3987 | D:6      | Reached skill level 3 in Dodging
  3991 | D:6      | Reached skill level 3 in Armour
  4177 | D:6      | Found an ornate altar of the Wu Jian Council.
  4574 | D:6      | Found a sacrificial altar of Ru.
  4601 | D:6      | Reached skill level 7 in Fighting
  4687 | D:6      | Found Kunicsi's Neck Hole.
  4694 | D:6      | 4694 ||| BUYING +0 cloak (49 gold).
  4694 | D:6      | Bought a +0 cloak for 49 gold pieces
  4694 | D:6      | 4694 ||| SHOPLISTING amulet of faith (440 gold, have 330).
  4694 | D:6      | 4694 ||| SHOPLISTING scarf of resistance (352 gold, have
                  | 330).
  4965 | D:6      | 4965 ||| UPGRADING to +0 cloak.
  5047 | D:7      | 5047 ||| Stepping ~*~*~tactically~*~*~ (retreating).
  5139 | D:7      | Found a staircase to the Ecumenical Temple.
  5140 | D:7      | 5140 ||| PLANNING TEMPLE
  5140 | D:7      | 5140 ||| READING scroll labelled FUPHUF FUMECH.
  5147 | D:7      | 5147 ||| Stepping ~*~*~tactically~*~*~ (water).
  5161 | Temple   | Entered the Ecumenical Temple
  5162 | Temple   | 5162 ||| PLANNING OKAWARU WORSHIP
  5168 | Temple   | Became a worshipper of Warmaster Okawaru
  5169 | Temple   | 5169 ||| PLANNING D:1-11
  5206 | D:7      | Noticed Menkaure
  5211 | D:7      | Killed Menkaure
  5216 | D:7      | Found a blossoming altar of Fedhas.
  5244 | D:7      | Found a runed translucent door.
  5245 | D:7      | Noticed Crazy Yiuf
  5298 | D:7      | 5298 ||| Stepping ~*~*~tactically~*~*~ (outnumbered).
  5329 | D:7      | Reached * piety under Okawaru
  5330 | D:7      | Reached skill level 8 in Fighting
  5397 | D:7      | 5397 ||| Stepping ~*~*~tactically~*~*~ (outnumbered).
  5399 | D:7      | 5399 ||| Stepping ~*~*~tactically~*~*~ (outnumbered).
  5401 | D:7      | 5401 ||| Stepping ~*~*~tactically~*~*~ (outnumbered).
  5403 | D:7      | 5403 ||| Stepping ~*~*~tactically~*~*~ (outnumbered).
  5405 | D:7      | 5405 ||| Stepping ~*~*~tactically~*~*~ (outnumbered).
  5408 | D:7      | 5408 ||| INVOKING Heroism.
  5409 | D:7      | 5409 ||| INVOKING Heroism.
  5796 | D:8      | 5796 ||| STAIRDANCE
  5953 | D:8      | 5953 ||| STAIRDANCE
  6143 | D:8      | Reached skill level 1 in Invocations
  6143 | D:8      | Reached XP level 10. HP: 64/64 MP: 9/11
  6201 | D:8      | 6201 ||| INVOKING Heroism.
  6285 | D:8      | 6285 ||| INVOKING Heroism.
  6287 | D:8      | Reached skill level 3 in Invocations
  6344 | D:8      | 6344 ||| FLEEEEING.
  6365 | D:8      | 6365 ||| INVOKING Heroism.
  6379 | D:8      | Reached skill level 12 in Ranged Weapons
  6379 | D:8      | 6379 ||| FLEEEEING.
  6380 | D:8      | 6380 ||| FLEEEEING.
  6381 | D:8      | 6381 ||| INVOKING Heroism.
  6449 | D:8      | 6449 ||| INVOKING Heroism.
  6697 | D:8      | Reached ** piety under Okawaru
  7002 | D:8      | Found a staircase to the Lair.
  7225 | D:8      | 7225 ||| PLANNING LAIR
  7225 | D:8      | 7225 ||| READING 3 scrolls of identify.
  7225 | D:8      | 7225 ||| IDENTIFYING fuming dark potion
  7226 | D:8      | 7226 ||| DROPPING potion of brilliance.
  7282 | Lair:1   | Entered Level 1 of the Lair of Beasts
  7282 | Lair:1   | Noticed a black mamba
  7283 | Lair:1   | 7283 ||| PLANNING GAUNTLET
  7283 | Lair:1   | 7283 ||| INVOKING Heroism.
  7287 | Lair:1   | Killed a black mamba
  7288 | Lair:1   | Reached XP level 11. HP: 69/69 MP: 11/14
  7332 | Lair:1   | 7332 ||| READING scroll of brand weapon.
  7332 | Lair:1   | 7332 ||| BRANDING +0 orcbow.
  7339 | Lair:1   | 7339 ||| INVOKING Heroism.
  7342 | Lair:1   | Reached skill level 9 in Fighting
  7393 | Lair:1   | 7393 ||| Stepping ~*~*~tactically~*~*~ (retreating).
  7394 | Lair:1   | 7394 ||| Stepping ~*~*~tactically~*~*~ (retreating).
  7403 | Lair:1   | 7403 ||| Stepping ~*~*~tactically~*~*~ (retreating).
  7417 | Lair:1   | 7417 ||| INVOKING Heroism.
  7509 | Lair:1   | 7509 ||| Stepping ~*~*~tactically~*~*~ (retreating).
  7511 | Lair:1   | 7511 ||| Stepping ~*~*~tactically~*~*~ (retreating).
  7512 | Lair:1   | 7512 ||| Stepping ~*~*~tactically~*~*~ (retreating).
  7513 | Lair:1   | 7513 ||| INVOKING Heroism.
  7684 | Lair:1   | Noticed a four-headed hydra
  7685 | Lair:1   | 7685 ||| INVOKING Heroism.
  7688 | Lair:1   | Killed a four-headed hydra
  7729 | Lair:1   | 7729 ||| INVOKING Heroism.
  7801 | Lair:1   | 7801 ||| RIP GAUNTLET
  7842 | Lair:1   | 7842 ||| PLANNING LAIR
  8105 | Lair:1   | 8105 ||| INVOKING Heroism.
  8205 | Lair:1   | 8205 ||| READING 4 scrolls labelled SIEBROA ZACH.
  8206 | Lair:1   | 8206 ||| READING 2 scrolls labelled LUGUSICSOWIU.
  8207 | Lair:1   | 8207 ||| DROPPING 3 scrolls of immolation.
  8208 | Lair:1   | 8208 ||| DROPPING scroll of amnesia.
  8228 | Lair:2   | Noticed a boulder beetle
  8229 | Lair:2   | 8229 ||| INVOKING Heroism.
  8231 | Lair:2   | 8231 ||| RETREATING.
  8233 | Lair:2   | 8233 ||| Stepping ~*~*~tactically~*~*~ (retreating).
  8235 | Lair:2   | 8235 ||| Stepping ~*~*~tactically~*~*~ (retreating).
  8236 | Lair:2   | 8236 ||| Stepping ~*~*~tactically~*~*~ (retreating).
  8237 | Lair:2   | 8237 ||| Stepping ~*~*~tactically~*~*~ (retreating).
  8238 | Lair:2   | 8238 ||| STAIRDANCE
  8314 | Lair:2   | 8314 ||| STAIRDANCE
  8316 | Lair:1   | 8316 ||| Stepping ~*~*~tactically~*~*~ (retreating).
  8317 | Lair:1   | 8317 ||| Stepping ~*~*~tactically~*~*~ (retreating).
  8318 | Lair:1   | 8318 ||| Stepping ~*~*~tactically~*~*~ (retreating).
  8319 | Lair:1   | 8319 ||| Stepping ~*~*~tactically~*~*~ (retreating).
  8320 | Lair:1   | 8320 ||| Stepping ~*~*~tactically~*~*~ (retreating).
  8321 | Lair:1   | 8321 ||| Stepping ~*~*~tactically~*~*~ (retreating).
  8322 | Lair:1   | 8322 ||| Stepping ~*~*~tactically~*~*~ (retreating).
  8323 | Lair:1   | 8323 ||| INVOKING Heroism.
  8329 | Lair:1   | Killed a boulder beetle
  8330 | Lair:1   | Reached skill level 10 in Fighting
  8500 | Lair:2   | 8500 ||| Stepping ~*~*~tactically~*~*~ (outnumbered).
  8513 | Lair:2   | Reached *** piety under Okawaru
  8550 | Lair:2   | Found a staircase to the Shoals.
  8577 | Lair:2   | 8577 ||| RETREATING.
  8579 | Lair:2   | Noticed a boulder beetle
  8580 | Lair:2   | 8580 ||| INVOKING Heroism.
  8606 | Lair:2   | 8606 ||| INVOKING Heroism.
  8616 | Lair:2   | Killed a boulder beetle
  8733 | Lair:2   | 8733 ||| INVOKING Heroism.
  8738 | Lair:2   | Reached XP level 12. HP: 73/77 MP: 12/15
  8839 | Lair:2   | Noticed a boulder beetle
  8839 | Lair:2   | 8839 ||| INVOKING Heroism.
  8842 | Lair:2   | Reached skill level 15 in Ranged Weapons
  8850 | Lair:2   | Killed a boulder beetle
  8851 | Lair:2   | Reached skill level 6 in Armour
  8898 | Lair:2   | 8898 ||| RETREATING.
  8918 | Lair:2   | 8918 ||| RETREATING.
  9077 | Lair:2   | Noticed a five-headed hydra
  9078 | Lair:2   | 9078 ||| INVOKING Heroism.
  9082 | Lair:2   | Killed a five-headed hydra
  9174 | Lair:2   | Noticed a seven-headed hydra
  9175 | Lair:2   | 9175 ||| INVOKING Heroism.
  9176 | Lair:2   | 9176 ||| RETREATING.
  9179 | Lair:2   | 9179 ||| Stepping ~*~*~tactically~*~*~ (retreating).
  9180 | Lair:2   | 9180 ||| Stepping ~*~*~tactically~*~*~ (retreating).
  9181 | Lair:2   | 9181 ||| Stepping ~*~*~tactically~*~*~ (retreating).
  9186 | Lair:2   | Killed a seven-headed hydra
  9186 | Lair:2   | Reached **** piety under Okawaru
  9575 | Lair:2   | 9575 ||| DRINKING 2 metallic purple potions.
  9576 | Lair:2   | 9576 ||| READING 3 scrolls of identify.
  9576 | Lair:2   | 9576 ||| IDENTIFYING black potion
  9577 | Lair:2   | 9577 ||| DROPPING potion of invisibility.
  9634 | Lair:3   | 9634 ||| INVOKING Heroism.
  9689 | Lair:3   | Found a hole to the Spider Nest.
  9748 | Lair:3   | 9748 ||| INVOKING Heroism.
  9749 | Lair:3   | Received a gift from Okawaru
  9921 | Lair:3   | Noticed Amaemon
  9922 | Lair:3   | 9922 ||| RETREATING.
  9928 | Lair:3   | 9928 ||| RETREATING.
  9929 | Lair:3   | 9929 ||| Stepping ~*~*~tactically~*~*~ (retreating).
  9930 | Lair:3   | 9930 ||| Stepping ~*~*~tactically~*~*~ (retreating).
  9931 | Lair:3   | 9931 ||| INVOKING Heroism.
  9932 | Lair:3   | 9932 ||| Stepping ~*~*~tactically~*~*~ (retreating).
  9933 | Lair:3   | 9933 ||| Stepping ~*~*~tactically~*~*~ (retreating).
  9934 | Lair:3   | 9934 ||| Stepping ~*~*~tactically~*~*~ (retreating).
  9939 | Lair:3   | Killed Amaemon
  9940 | Lair:3   | Reached skill level 6 in Invocations
 10011 | Lair:3   | 10011 ||| INVOKING Heroism.
 10108 | Lair:3   | 10108 ||| RETREATING.
 10181 | Lair:3   | Found a white marble altar of Elyvilon.
 10242 | Lair:3   | Reached ***** piety under Okawaru
 10277 | Lair:3   | 10277 ||| RETREATING.
 10283 | Lair:3   | 10283 ||| Stepping ~*~*~tactically~*~*~ (retreating).
 10285 | Lair:3   | 10285 ||| Stepping ~*~*~tactically~*~*~ (retreating).
 10286 | Lair:3   | 10286 ||| Stepping ~*~*~tactically~*~*~ (retreating).
 10287 | Lair:3   | 10287 ||| Stepping ~*~*~tactically~*~*~ (retreating).
 10288 | Lair:3   | 10288 ||| Stepping ~*~*~tactically~*~*~ (retreating).
 10293 | Lair:3   | Noticed Snorg
 10294 | Lair:3   | 10294 ||| INVOKING Heroism.
 10301 | Lair:3   | 10301 ||| INVOKING Finesse.
 10303 | Lair:3   | Reached XP level 13. HP: 81/83 MP: 11/18
 10312 | Lair:3   | Killed Snorg
 10313 | Lair:3   | Reached skill level 6 in Dodging
 11044 | Lair:4   | 11044 ||| Stepping ~*~*~tactically~*~*~ (retreating).
 11045 | Lair:4   | 11045 ||| Stepping ~*~*~tactically~*~*~ (retreating).
 11046 | Lair:4   | 11046 ||| Stepping ~*~*~tactically~*~*~ (retreating).
 11052 | Lair:4   | Reached skill level 11 in Fighting
 11054 | Lair:4   | 11054 ||| INVOKING Heroism.
 11154 | Lair:4   | 11154 ||| INVOKING Heroism.
 11181 | Lair:4   | 11181 ||| RETREATING.
 11235 | Lair:4   | 11235 ||| INVOKING Heroism.
 11327 | Lair:4   | Found a basalt altar of Yredelemnul.
 11606 | Lair:4   | 11606 ||| INVOKING Heroism.
 11621 | Lair:4   | 11621 ||| Stepping ~*~*~tactically~*~*~ (retreating).
 11622 | Lair:4   | 11622 ||| Stepping ~*~*~tactically~*~*~ (retreating).
 11623 | Lair:4   | 11623 ||| Stepping ~*~*~tactically~*~*~ (retreating).
 11624 | Lair:4   | 11624 ||| Stepping ~*~*~tactically~*~*~ (retreating).
 11625 | Lair:4   | 11625 ||| Stepping ~*~*~tactically~*~*~ (retreating).
 11630 | Lair:4   | Reached skill level 9 in Invocations
 11635 | Lair:4   | 11635 ||| INVOKING Heroism.
 11716 | Lair:4   | 11716 ||| INVOKING Heroism.
 11719 | Lair:4   | Reached skill level 12 in Fighting
 11869 | Lair:4   | 11869 ||| INVOKING Heroism.
 11870 | Lair:4   | 11870 ||| Stepping ~*~*~tactically~*~*~ (retreating).
 11872 | Lair:4   | 11872 ||| Stepping ~*~*~tactically~*~*~ (retreating).
 12047 | Lair:4   | 12047 ||| RETREATING.
 12049 | Lair:4   | 12049 ||| INVOKING Heroism.
 12055 | Lair:4   | 12055 ||| RETREATING.
 12066 | Lair:4   | Received a gift from Okawaru
 12074 | Lair:4   | 12074 ||| RETREATING.
 12122 | Lair:4   | 12122 ||| INVOKING Heroism.
 12123 | Lair:4   | 12123 ||| INVOKING Finesse.
 12136 | Lair:4   | 12136 ||| FLEEEEING.
 12239 | Lair:4   | 12239 ||| INVOKING Heroism.
 12401 | Lair:4   | Identified the +0 spear of Cheibriados {spect, Drain rPois
                  | rC++ Stlth+}
 12611 | Lair:4   | 12611 ||| UPGRADING to ring of see invisible.
 12613 | Lair:4   | 12613 ||| DROPPING +6 ring of intelligence.
 12614 | Lair:4   | 12614 ||| READING scroll labelled IROELIR PEUNN.
 12615 | Lair:4   | 12615 ||| READING scroll labelled ZONWYFR IHEUSH.
 12648 | Lair:5   | Entered Level 5 of the Lair of Beasts
 12650 | Lair:5   | 12650 ||| STAIRDANCE
 12660 | Lair:5   | 12660 ||| STAIRDANCE
 12662 | Lair:4   | 12662 ||| INVOKING Heroism.
 12772 | Lair:5   | 12772 ||| INVOKING Heroism.
 12875 | Lair:5   | 12875 ||| INVOKING Heroism.
 12913 | Lair:5   | 12913 ||| INVOKING Heroism.
 12916 | Lair:5   | 12916 ||| Stepping ~*~*~tactically~*~*~ (retreating).
 12941 | Lair:5   | 12941 ||| INVOKING Heroism.
 12960 | Lair:5   | 12960 ||| INVOKING Heroism.
 12964 | Lair:5   | Reached skill level 13 in Fighting
 12966 | Lair:5   | Gained mutation: Your large and strong wings let you fly.
                  | [Gargoyle growth]
 12966 | Lair:5   | Reached XP level 14. HP: 66/94 MP: 19/21
 12996 | Lair:5   | 12996 ||| Stepping ~*~*~tactically~*~*~ (retreating).
 13005 | Lair:5   | 13005 ||| INVOKING Heroism.
 13066 | Lair:5   | 13066 ||| INVOKING Heroism.
 13248 | Lair:5   | Paralysed by a floating eye for 3 turns
 13251 | Lair:5   | 13251 ||| INVOKING Heroism.
 13252 | Lair:5   | Paralysed by a floating eye for 2 turns
 13401 | Lair:5   | 13401 ||| Stepping ~*~*~tactically~*~*~ (retreating).
 13406 | Lair:5   | 13406 ||| Stepping ~*~*~tactically~*~*~ (outnumbered).
 13414 | Lair:5   | 13414 ||| Stepping ~*~*~tactically~*~*~ (retreating).
 13415 | Lair:5   | 13415 ||| Stepping ~*~*~tactically~*~*~ (retreating).
 13423 | Lair:5   | 13423 ||| INVOKING Heroism.
 13676 | Lair:5   | Found the -2 hat of the Alchemist {rElec rPois rF+ rC+ rN+
                  | Will+ rMut rCorr}
 13677 | Lair:5   | Found a corrupted altar of Lugonu.
 13677 | Lair:5   | Found a one-way gate to the infinite horrors of the Abyss.
 13745 | Lair:5   | Identified the ring "Wiptoysy" {Will++ Int+6 Dex+2}
 13757 | Lair:5   | 13757 ||| INVOKING Heroism.
 13779 | Lair:5   | 13779 ||| Stepping ~*~*~tactically~*~*~ (retreating).
 13883 | Lair:5   | Found a staircase to the Slime Pits.
 13891 | Lair:5   | Found a viscous altar of Jiyva.
 13908 | Lair:5   | 13908 ||| INVOKING Heroism.
 14056 | Lair:5   | 14056 ||| INVOKING Heroism.
 14058 | Lair:5   | 14058 ||| RETREATING.
 14064 | Lair:5   | 14064 ||| Stepping ~*~*~tactically~*~*~ (retreating).
 14163 | Lair:5   | Reached skill level 14 in Fighting
 14337 | Lair:5   | 14337 ||| INVOKING Heroism.
 14359 | Lair:5   | Identified the +2 robe of Sucair {Drain rElec rF+ Int+2}
 14486 | Lair:5   | 14486 ||| READING scroll of enchant armour.
 14486 | Lair:5   | 14486 ||| ENCHANTING +1 pair of gloves.
 14543 | Lair:5   | 14543 ||| INVOKING Heroism.
 14705 | Lair:5   | 14705 ||| PLANNING D:1-11
 14705 | Lair:5   | 14705 ||| UPGRADING to +2 ring mail of fire resistance.
 14715 | Lair:5   | 14715 ||| DROPPING +0 ring mail.
 14716 | Lair:5   | 14716 ||| UPGRADING to -2 hat of the Alchemist {rElec rPois
                  | rF+ rC+ rN+ Will+ rMut rCorr}.
 14721 | Lair:5   | 14721 ||| DROPPING +2 robe of Sucair {Drain rElec rF+
                  | Int+2}.
 14722 | Lair:5   | 14722 ||| UPGRADING to ring "Wiptoysy" {Will++ Int+6
                  | Dex+2}.
 14724 | Lair:5   | 14724 ||| DROPPING ring of magical power.
 14725 | Lair:5   | 14725 ||| READING scroll labelled ATZOEH KAPS.
 14726 | Lair:5   | 14726 ||| READING 4 scrolls of identify.
 14726 | Lair:5   | 14726 ||| IDENTIFYING glowing emerald potion
 14881 | D:9      | 14881 ||| Stepping ~*~*~tactically~*~*~ (outnumbered).
 14883 | D:9      | 14883 ||| Stepping ~*~*~tactically~*~*~ (outnumbered).
 15021 | D:9      | Found Miafa's General Store.
 15028 | D:9      | 15028 ||| BUYING 2 potions of curing (78 gold).
 15028 | D:9      | Bought 2 potions of curing for 78 gold pieces
 15028 | D:9      | 15028 ||| BUYING scroll of enchant weapon (97 gold).
 15028 | D:9      | Bought a scroll of enchant weapon for 97 gold pieces
 15028 | D:9      | 15028 ||| BUYING scroll of teleportation (39 gold).
 15028 | D:9      | Bought a scroll of teleportation for 39 gold pieces
 15028 | D:9      | 15028 ||| READING scroll of enchant weapon.
 15028 | D:9      | 15028 ||| ENCHANTING +0 heavy orcbow.
 15199 | D:9      | 15199 ||| Stepping ~*~*~tactically~*~*~ (outnumbered).
 15249 | D:9      | Noticed Joseph
 15251 | D:9      | Killed Joseph
 15251 | D:9      | Received a gift from Okawaru
 15383 | D:9      | Found a snail-covered altar of Cheibriados.
 15383 | D:9      | Found a radiant altar of Vehumet.
 15485 | D:10     | Entered Level 10 of the Dungeon
 15492 | D:10     | Found Asydoram's Fire Supplies.
 15508 | D:10     | Found a shadowy altar of Dithmenos.
 15963 | D:10     | 15963 ||| DROPPING ring of positive energy.
 16009 | D:11     | 16009 ||| STAIRDANCE
 16015 | D:11     | 16015 ||| STAIRDANCE
 16061 | D:11     | 16061 ||| READING scroll of enchant armour.
 16061 | D:11     | 16061 ||| ENCHANTING +0 pair of boots.
 16087 | D:11     | 16087 ||| READING scroll of enchant armour.
 16087 | D:11     | 16087 ||| ENCHANTING +1 pair of boots.
 16116 | D:11     | 16116 ||| Stepping randomly (disturbance).
 16169 | D:11     | Reached skill level 9 in Dodging
 16210 | D:11     | Found a runed translucent door.
 16212 | D:11     | Found a runed translucent door.
 16283 | D:11     | Reached skill level 9 in Armour
 16321 | D:11     | 16321 ||| READING scroll of enchant weapon.
 16321 | D:11     | 16321 ||| ENCHANTING +1 heavy orcbow.
 16436 | D:11     | Found Dakiazxy's Island Escapes.
 16481 | D:11     | 16481 ||| BUYING potion of enlightenment (55 gold).
 16481 | D:11     | Bought a potion of enlightenment for 55 gold pieces
 16481 | D:11     | 16481 ||| BUYING potion of enlightenment (55 gold).
 16481 | D:11     | Bought a potion of enlightenment for 55 gold pieces
 16481 | D:11     | 16481 ||| BUYING potion of enlightenment (55 gold).
 16481 | D:11     | Bought a potion of enlightenment for 55 gold pieces
 16481 | D:11     | 16481 ||| BUYING potion of enlightenment (55 gold).
 16481 | D:11     | Bought a potion of enlightenment for 55 gold pieces
 16481 | D:11     | 16481 ||| BUYING scroll of teleportation (33 gold).
 16481 | D:11     | Bought a scroll of teleportation for 33 gold pieces
 16826 | D:11     | 16826 ||| PLANNING D
 16826 | D:11     | 16826 ||| DROPPING +1 ring mail of positive energy.
 16827 | D:11     | 16827 ||| READING 6 scrolls of identify.
 16827 | D:11     | 16827 ||| IDENTIFYING murky clear potion
 16828 | D:11     | 16828 ||| DROPPING potion of berserk rage.
 17004 | D:12     | 17004 ||| READING scroll of enchant weapon.
 17004 | D:12     | 17004 ||| ENCHANTING +2 heavy orcbow.
 17125 | D:12     | 17125 ||| INVOKING Heroism.
 17126 | D:12     | 17126 ||| INVOKING Finesse.
 17306 | D:12     | Identified the +0 kite shield of the Old World {rN++}
                  | (Okawaru gifted it to you on level 12 of the Dungeon)
 17306 | D:12     | Received a gift from Okawaru
 17307 | D:12     | 17307 ||| Stepping ~*~*~tactically~*~*~ (outnumbered).
 17341 | D:12     | Found a staircase to the Orcish Mines.
 17370 | D:12     | 17370 ||| READING scroll of enchant armour.
 17370 | D:12     | 17370 ||| ENCHANTING +0 cloak.
 17396 | D:12     | 17396 ||| INVOKING Heroism.
 17631 | D:12     | 17631 ||| READING scroll of enchant armour.
 17631 | D:12     | 17631 ||| ENCHANTING +1 cloak.
 17647 | D:12     | 17647 ||| INVOKING Heroism.
 17648 | D:12     | 17648 ||| INVOKING Finesse.
 17655 | D:12     | Reached skill level 15 in Fighting
 17724 | D:12     | 17724 ||| READING scroll of enchant weapon.
 17724 | D:12     | 17724 ||| ENCHANTING +3 heavy orcbow.
 17900 | D:12     | Reached XP level 15. HP: 79/103 MP: 22/22
 17967 | D:12     | Found a portal to a secret trove of treasure.
 17969 | D:12     | 17969 ||| DROPPING ring of fire.
 17997 | D:13     | 17997 ||| Stepping ~*~*~tactically~*~*~ (outnumbered).
 18223 | D:13     | Found a gate to the Vaults.
 18224 | D:13     | 18224 ||| RETREATING.
 18226 | D:13     | 18226 ||| RETREATING.
 18228 | D:13     | 18228 ||| RETREATING.
 18230 | D:13     | 18230 ||| Stepping ~*~*~tactically~*~*~ (retreating).
 18242 | D:13     | 18242 ||| INVOKING Heroism.
 18273 | D:13     | 18273 ||| INVOKING Heroism.
 18581 | D:13     | 18581 ||| Stepping ~*~*~tactically~*~*~ (outnumbered).
 18582 | D:13     | 18582 ||| Stepping ~*~*~tactically~*~*~ (outnumbered).
 18583 | D:13     | 18583 ||| Stepping ~*~*~tactically~*~*~ (outnumbered).
 18585 | D:13     | 18585 ||| Stepping ~*~*~tactically~*~*~ (outnumbered).
 18587 | D:13     | 18587 ||| Stepping ~*~*~tactically~*~*~ (outnumbered).
 18589 | D:13     | 18589 ||| Stepping ~*~*~tactically~*~*~ (outnumbered).
 18601 | D:13     | 18601 ||| INVOKING Heroism.
 18711 | D:13     | 18711 ||| INVOKING Heroism.
 18712 | D:13     | 18712 ||| Stepping ~*~*~tactically~*~*~ (outnumbered).
 18713 | D:13     | 18713 ||| Stepping ~*~*~tactically~*~*~ (outnumbered).
 18714 | D:13     | 18714 ||| Stepping ~*~*~tactically~*~*~ (outnumbered).
 18715 | D:13     | 18715 ||| Stepping ~*~*~tactically~*~*~ (outnumbered).
 18984 | D:13     | Found a runed translucent gate.
 18985 | D:13     | Found a runed translucent gate.
 18985 | D:13     | Noticed Yqoodd's ghost (journeyman GnWr)
 18990 | D:13     | Found a runed translucent gate.
 19164 | D:13     | 19164 ||| DROPPING ring of resist corrosion.
 19189 | D:14     | 19189 ||| STAIRDANCE
 19265 | D:14     | Reached skill level 16 in Fighting
 19276 | D:14     | 19276 ||| Stepping ~*~*~tactically~*~*~ (outnumbered).
 19278 | D:14     | 19278 ||| Stepping ~*~*~tactically~*~*~ (outnumbered).
 19280 | D:14     | 19280 ||| Stepping ~*~*~tactically~*~*~ (outnumbered).
 19470 | D:14     | Found a frozen archway.
 19516 | D:14     | 19516 ||| RETREATING.
 19518 | D:14     | 19518 ||| INVOKING Heroism.
 19561 | D:14     | 19561 ||| INVOKING Heroism.
 19715 | D:14     | 19715 ||| INVOKING Heroism.
 19764 | D:14     | 19764 ||| INVOKING Heroism.
 19767 | D:14     | 19767 ||| RETREATING.
 19816 | D:14     | 19816 ||| INVOKING Heroism.
 19819 | D:14     | Reached skill level 17 in Fighting
 20023 | D:14     | Identified the -1 hat "Pin Yxal" {rF+} (Okawaru gifted it
                  | to you on level 14 of the Dungeon)
 20023 | D:14     | Received a gift from Okawaru
 20191 | D:14     | 20191 ||| DROPPING ring of ice.
 20192 | D:14     | 20192 ||| DROPPING ring of see invisible.
 20217 | D:15     | Entered Level 15 of the Dungeon
 20221 | D:15     | Noticed Rupert
 20222 | D:15     | 20222 ||| INVOKING Heroism.
 20223 | D:15     | 20223 ||| INVOKING Finesse.
 20237 | D:15     | Killed Rupert
 20290 | D:15     | 20290 ||| INVOKING Heroism.
 20371 | D:15     | Found a staircase to the Depths.
 20413 | D:15     | Found a stormy altar of Qazlal.
 20502 | D:15     | 20502 ||| Stepping ~*~*~tactically~*~*~ (outnumbered).
 20504 | D:15     | 20504 ||| RETREATING.
 20505 | D:15     | 20505 ||| INVOKING Heroism.
 20651 | D:15     | 20651 ||| FLEEEEING.
 20652 | D:15     | 20652 ||| FLEEEEING.
 20653 | D:15     | 20653 ||| FLEEEEING.
 20667 | D:15     | 20667 ||| FLEEEEING.
 20733 | D:15     | Reached XP level 16. HP: 112/112 MP: 23/23
 20785 | D:15     | 20785 ||| Stepping ~*~*~tactically~*~*~ (outnumbered).
 20787 | D:15     | 20787 ||| Stepping ~*~*~tactically~*~*~ (outnumbered).
 20790 | D:15     | 20790 ||| Stepping ~*~*~tactically~*~*~ (outnumbered).
 20794 | D:15     | 20794 ||| FLEEEEING.
 20795 | D:15     | 20795 ||| FLEEEEING.
 20800 | D:15     | 20800 ||| FLEEEEING.
 20801 | D:15     | 20801 ||| FLEEEEING.
 20802 | D:15     | 20802 ||| FLEEEEING.
 20803 | D:15     | 20803 ||| FLEEEEING.
 20804 | D:15     | 20804 ||| FLEEEEING.
 20805 | D:15     | 20805 ||| FLEEEEING.
 20806 | D:15     | 20806 ||| FLEEEEING.
 20807 | D:15     | 20807 ||| FLEEEEING.
 20808 | D:15     | 20808 ||| FLEEEEING.
 20809 | D:15     | 20809 ||| FLEEEEING.
 20810 | D:15     | 20810 ||| FLEEEEING.
 20811 | D:15     | 20811 ||| FLEEEEING.
 20812 | D:15     | 20812 ||| FLEEEEING.
 20813 | D:15     | 20813 ||| FLEEEEING.
 20814 | D:15     | 20814 ||| FLEEEEING.
 20815 | D:15     | 20815 ||| FLEEEEING.
 20816 | D:15     | 20816 ||| FLEEEEING.
 20817 | D:15     | 20817 ||| FLEEEEING.
 20818 | D:15     | 20818 ||| FLEEEEING.
 20819 | D:15     | 20819 ||| FLEEEEING.
 20820 | D:15     | 20820 ||| FLEEEEING.
 20821 | D:15     | 20821 ||| FLEEEEING.
 20822 | D:15     | 20822 ||| FLEEEEING.
 20823 | D:15     | 20823 ||| FLEEEEING.
 20825 | D:15     | 20825 ||| FLEEEEING.
 20826 | D:15     | 20826 ||| FLEEEEING.
 20827 | D:15     | 20827 ||| FLEEEEING.
 20828 | D:15     | 20828 ||| FLEEEEING.
 20829 | D:15     | 20829 ||| FLEEEEING.
 20830 | D:15     | 20830 ||| FLEEEEING.
 20831 | D:15     | 20831 ||| FLEEEEING.
 20832 | D:15     | 20832 ||| FLEEEEING.
 20833 | D:15     | 20833 ||| FLEEEEING.
 20834 | D:15     | 20834 ||| FLEEEEING.
 20835 | D:15     | 20835 ||| FLEEEEING.
 20836 | D:15     | 20836 ||| FLEEEEING.
 20949 | D:15     | 20949 ||| INVOKING Heroism.
 20952 | D:15     | 20952 ||| Stepping ~*~*~tactically~*~*~ (outnumbered).
 20953 | D:15     | 20953 ||| Stepping ~*~*~tactically~*~*~ (outnumbered).
 20964 | D:15     | 20964 ||| Stepping ~*~*~tactically~*~*~ (retreating).
 20967 | D:15     | 20967 ||| RETREATING.
 20981 | D:15     | 20981 ||| INVOKING Heroism.
 21232 | D:15     | 21232 ||| PLANNING ORC
 21359 | Orc:1    | Entered Level 1 of the Orcish Mines
 21405 | Orc:1    | 21405 ||| Stepping ~*~*~tactically~*~*~ (outnumbered).
 21406 | Orc:1    | 21406 ||| Stepping ~*~*~tactically~*~*~ (outnumbered).
 21407 | Orc:1    | 21407 ||| Stepping ~*~*~tactically~*~*~ (outnumbered).
 21571 | Orc:2    | Entered Level 2 of the Orcish Mines
 21579 | Orc:1    | 21579 ||| Stepping ~*~*~tactically~*~*~ (retreating).
 21580 | Orc:1    | 21580 ||| Stepping ~*~*~tactically~*~*~ (retreating).
 21581 | Orc:1    | 21581 ||| RETREATING.
 21585 | Orc:1    | 21585 ||| INVOKING Heroism.
 21608 | Orc:1    | 21608 ||| Stepping ~*~*~tactically~*~*~ (outnumbered).
 21613 | Orc:1    | 21613 ||| Stepping ~*~*~tactically~*~*~ (outnumbered).
 21618 | Orc:1    | 21618 ||| INVOKING Heroism.
 22137 | Orc:1    | 22137 ||| INVOKING Heroism.
 22402 | Orc:2    | Found a staircase to the Elven Halls.
 22445 | Orc:2    | 22445 ||| Stepping ~*~*~tactically~*~*~ (outnumbered).
 22446 | Orc:2    | 22446 ||| Stepping ~*~*~tactically~*~*~ (outnumbered).
 22476 | Orc:2    | 22476 ||| INVOKING Heroism.
 22483 | Orc:2    | Reached skill level 18 in Fighting
 22507 | Orc:2    | 22507 ||| INVOKING Heroism.
 22556 | Orc:2    | Found Ufycyr's Armour Boutique.
 22557 | Orc:2    | 22557 ||| INVOKING Heroism.
 22560 | Orc:2    | 22560 ||| Stepping ~*~*~tactically~*~*~ (outnumbered).
 22560 | Orc:2    | Found Anehac's General Store.
 22561 | Orc:2    | 22561 ||| Stepping ~*~*~tactically~*~*~ (retreating).
 22562 | Orc:2    | 22562 ||| Stepping ~*~*~tactically~*~*~ (retreating).
 22563 | Orc:2    | 22563 ||| Stepping ~*~*~tactically~*~*~ (outnumbered).
 22575 | Orc:2    | HP: 26/114 [orc priest/divine providence (12)]
 22576 | Orc:2    | 22576 ||| READING 11 scrolls of teleportation.
 22577 | Orc:2    | 22577 ||| DRINKING 8 potions of heal wounds.
 22664 | Orc:2    | 22664 ||| INVOKING Heroism.
 22668 | Orc:2    | 22668 ||| RETREATING.
 22783 | Orc:2    | Found Xanwyito's Book Shoppe.
 22783 | Orc:2    | Found Ynaziuq's General Store.
 22810 | Orc:2    | 22810 ||| INVOKING Heroism.
 22857 | Orc:2    | 22857 ||| RETREATING.
 22859 | Orc:2    | 22859 ||| INVOKING Heroism.
 22995 | Orc:2    | 22995 ||| INVOKING Heroism.
 23000 | Orc:2    | 23000 ||| RETREATING.
 23075 | Orc:2    | 23075 ||| BUYING +4 ring mail of Ru's Anger {*Slow Will++
                  | rCorr Str-3} (580 gold).
 23075 | Orc:2    | Bought the +4 ring mail of Ru's Anger {*Slow Will++ rCorr
                  | Str-3} for 580 gold pieces
 23322 | Orc:2    | 23322 ||| PLANNING SHOALS:1-3
 23552 | Shoals:1 | Entered Level 1 of the Shoals
 23565 | Shoals:1 | Noticed Aizul
 23566 | Shoals:1 | 23566 ||| Stepping ~*~*~tactically~*~*~ (outnumbered).
 23568 | Shoals:1 | 23568 ||| INVOKING Heroism.
 23595 | Shoals:1 | Killed Aizul
 23795 | Shoals:1 | 23795 ||| INVOKING Heroism.
 23866 | Shoals:1 | 23866 ||| INVOKING Heroism.
 23983 | Shoals:1 | Found Qetrefuy's Firing Range.
 23988 | Shoals:1 | 23988 ||| BUYING +0 hand cannon of freezing (132 gold).
 23988 | Shoals:1 | Bought a +0 hand cannon of freezing for 132 gold pieces
 23988 | Shoals:1 | 23988 ||| BUYING +0 triple crossbow (160 gold).
 23988 | Shoals:1 | Bought a +0 triple crossbow for 160 gold pieces
 23988 | Shoals:1 | 23988 ||| SWAPPING to +0 triple crossbow.
 23989 | Shoals:1 | 23989 ||| DROPPING +4 heavy orcbow.
 23990 | Shoals:1 | 23990 ||| DROPPING +0 hand cannon of freezing.
 23992 | Shoals:1 | Noticed Donald
 23993 | Shoals:1 | 23993 ||| INVOKING Heroism.
 24001 | Shoals:1 | Killed Donald
 24261 | Shoals:1 | 24261 ||| INVOKING Heroism.
 24617 | Shoals:1 | 24617 ||| UPGRADING to amulet of faith.
 24656 | Shoals:2 | 24656 ||| Stepping ~*~*~tactically~*~*~ (outnumbered).
 24657 | Shoals:2 | 24657 ||| Stepping ~*~*~tactically~*~*~ (outnumbered).
 24670 | Shoals:2 | 24670 ||| INVOKING Heroism.
 24692 | Shoals:2 | HP: 21/114 [faun/sling bullet (10)]
 24693 | Shoals:2 | 24693 ||| READING 11 scrolls of teleportation.
 24694 | Shoals:2 | 24694 ||| DRINKING 7 potions of heal wounds.
 24699 | Shoals:2 | HP: 15/114 [wind drake/the air (19)]
 24700 | Shoals:2 | 24700 ||| READING 10 scrolls of teleportation.
 24701 | Shoals:2 | 24701 ||| DRINKING 6 potions of heal wounds.
 24749 | Shoals:2 | 24749 ||| INVOKING Heroism.
 24826 | Shoals:2 | 24826 ||| INVOKING Heroism.
 25079 | Shoals:2 | 25079 ||| INVOKING Heroism.
 25357 | Shoals:2 | 25357 ||| INVOKING Heroism.
 25361 | Shoals:2 | 25361 ||| RETREATING.
 25501 | Shoals:2 | 25501 ||| RETREATING.
 25513 | Shoals:2 | 25513 ||| INVOKING Heroism.
 25517 | Shoals:2 | Noticed a kraken
 25527 | Shoals:2 | Slain by a kraken

Levels and vault maps discovered:
D:1:      giann_bridges, layout_rooms, serial_shops, nicolae_diamond_shop,
          kennysheep_flooded_box
D:2:      layout_rooms, grunt_decor_one_mirror
D:3:      layout_rooms
D:4:      layout_cave_pods, grunt_temple_overflow_gold_and_silver, serial_shops,
          shop, st_stairs_13, minmay_goblin_kobold_house, uniq_robin
D:5:      layout_basic, dk_noncrumbling_2
D:6:      layout_layer_cave, nicolae_ru_path_of_blood,
          mainiacjoe_overflow_paths, nicolae_ossuary_entry_ruins,
          minmay_misc_feat_more_columns, nicolae_shop_sticking_my_neck_out
D:7:      layout_loops_ring, general_overflow_altar, minmay_temple_entry_mist,
          uniq_menkaure, uniq_crazy_yiuf_cottage
D:8:      layout_cave_pods, minmay_lair_entry_grove,
          hangedman_abyss_or_decor_slice
D:9:      layout_rooms, gammafunk_temple_overflow_elements, serial_shops, shop,
          abandoned_shop, nicolae_benzene_ring, uniq_joseph
D:10:     layout_roguey, grunt_dithmenos_smoke, serial_curves, eino_curves_04,
          eino_curves_04, eino_curves_03, nicolae_shop_fire_sale
          [nicolae_sub_dead_trees]
D:11:     lemuel_insect_pit, layout_irregular_city, nicolae_island_escapes
D:12:     layout_loops_corners, david_orc_1_choice, enter_trove_5
D:13:     layout_gridville, erik_vaults_2, gammafunk_ghost_hydra_chop
D:14:     layout_roguey, serial_undead, serial_undead_e, serial_undead_d,
          serial_undead_e, serial_undead_e, serial_undead_f, serial_undead_e,
          portal_ice_cave_entry_pillars_2
D:15:     grunt_enter_depths_hoard, layout_long_grid,
          nicolae_qazlal_scattered_showers, uniq_rupert
Temple:   eino_temple_lava
Lair:1:   layout_gridlike, special_room [special_room_bee],
          gauntlet_entry_generic
Lair:2:   layout_loops_ring, elwin_shoals_entry_stream, serial_bayou_shore_b,
          grunt_megastairs_5
Lair:3:   layout_layer_cave, nicolae_spider_entry_lesser_pyramids, basic_altar,
          uniq_snorg, uniq_amaemon
Lair:4:   minmay_lair_oklob_chamber, layout_loops_ring, basic_altar,
          grunt_megastairs_1
Lair:5:   hellmonk_lair_end_abyssal_woods, layout_long_grid, slime_entry_1,
          minivault_11, serial_bayou_shore_a
Shoals:1: layout_shoals, nicolae_shop_firing_range, uniq_donald, uniq_aizul
Shoals:2: layout_shoals, st_cyclops
Orc:1:    layout_caves, minmay_orc_keep
Orc:2:    st_orc_town, layout_diamond_mine

Skill      XL: |  1  2  3  4  5  6  7  8  9 10 11 12 13 14 15 16 |
---------------+-------------------------------------------------+-----
Ranged Weapons | 5 6 7 8 10 11 13 14 16 17 | 17.2
Fighting       | 3 4 5 6 8 10 13 15 17 18 | 18.0
Armour         | 1 2 4 5 6 7 9 10 11 | 11.0
Dodging        | 2 4 5 7 9 10 11 | 11.6
Invocations    | 1 4 7 10 | 10.0
Stealth        | |  1.1

Action                     |  1- 3 |  4- 6 |  7- 9 | 10-12 | 13-15 | 16-18 || total
---------------------------+-------+-------+-------+-------+-------+-------++-------
   Fire: Shortbow          |   113 |   144 |    18 |       |       |       ||   275
         Orcbow            |       |       |   355 |   477 |  1044 |   420 ||  2296
         Triple crossbow   |       |       |       |       |       |   159 ||   159
 Invoke: Heroism           |       |       |     1 |    25 |    40 |    23 ||    89
         Finesse           |       |       |       |     1 |     4 |       ||     5
    Use: Scroll            |     6 |     6 |     5 |     5 |    14 |     3 ||    39
         Potion            |     1 |     3 |     1 |     1 |       |     3 ||     9
 Armour: Leather armour    |    28 |     9 |       |       |       |       ||    37
         Ring mail         |       |    88 |   104 |   206 |   438 |   172 ||  1008
  Dodge: Dodged            |    32 |    69 |   101 |   290 |   669 |   329 ||  1490
  Block: Other             |     6 |    37 |    45 |    90 |   176 |    46 ||   400
         Reflection        |       |       |       |       |    11 |     5 ||    16

Table legend:
 A = Non-vault XP
 B = Vault XP
 C = Vault XP percentage of total XP
 D = Non-vault monster count
 E = Vault monster count
 F = Vault count percentage of total count
                 A         B        C        D         E       F
            +---------+---------+-------+---------+---------+-------
      Total |  117216 |   58946 |  33.5 |     521 |     256 |  32.9
            +---------+---------+-------+---------+---------+-------
        D:1 |      34 |       0 |   0.0 |      20 |       0 |   0.0
        D:2 |      45 |       0 |   0.0 |      17 |       0 |   0.0
        D:3 |      28 |       0 |   0.0 |       9 |       0 |   0.0
        D:4 |     140 |      49 |  25.9 |      14 |      18 |  56.2
        D:5 |     667 |       0 |   0.0 |      14 |       0 |   0.0
        D:6 |    1831 |       0 |   0.0 |      25 |       0 |   0.0
        D:7 |    1096 |     172 |  13.6 |      18 |       1 |   5.3
        D:8 |    2272 |    2114 |  48.2 |      22 |      13 |  37.1
        D:9 |    1381 |     434 |  23.9 |      22 |       1 |   4.3
       D:10 |    2210 |       0 |   0.0 |      23 |       0 |   0.0
       D:11 |    5042 |       0 |   0.0 |      10 |       0 |   0.0
       D:12 |    5188 |    1565 |  23.2 |      10 |      10 |  50.0
       D:13 |    7674 |    6971 |  47.6 |      23 |       8 |  25.8
       D:14 |   14604 |    6745 |  31.6 |      25 |      16 |  39.0
       D:15 |    8455 |    3691 |  30.4 |      21 |       3 |  12.5
     Lair:1 |    4377 |    1379 |  24.0 |      12 |      17 |  58.6
     Lair:2 |    6962 |    2348 |  25.2 |      23 |       5 |  17.9
     Lair:3 |    5810 |    3783 |  39.4 |      20 |       8 |  28.6
     Lair:4 |   13112 |    3984 |  23.3 |      41 |       9 |  18.0
     Lair:5 |   10760 |    9968 |  48.1 |      44 |      38 |  46.3
   Shoals:1 |    7728 |    2723 |  26.1 |      19 |       2 |   9.5
   Shoals:2 |   11994 |    4192 |  25.9 |      28 |       7 |  20.0
      Orc:1 |    3917 |     266 |   6.4 |      32 |       9 |  22.0
      Orc:2 |    1889 |    8164 |  81.2 |      29 |      61 |  67.8
    Ossuary |       0 |     398 | 100.0 |       0 |      30 | 100.0
            +---------+---------+-------+---------+---------+-------
